 Dungeon Crawl Stone Soup version 0.29.1-15-g9cfb28693d (webtiles) character file.

Game seed: 2494663445882996708

141 jtron the Poker (level 5, -2/37 HPs)
             Began as a Gnoll Wanderer on Mar 25, 2023.
             Slain by a jelly (4 damage)
             ... on level 4 of the Dungeon on Mar 26, 2023.
             The game lasted 00:05:10 (2938 turns).

jtron the Poker (Gnoll Wanderer)                    Turns: 2938, Time: 00:05:11

Health: -2/37      AC: -6    Str: 12    XL:     5   Next: 24%
Magic:  9/9        EV: 12    Int: 14    God:
Gold:   231        SH:  0    Dex: 10    Spells: 8/10 levels left

rFire   . . .      SeeInvis .   a - +2 spear
rCold   . . .      Faith    .   (no shield)
rNeg    . . .      Spirit   .   d - +0 robe
rPois   .          Reflect  .   (no helmet)
rElec   .          Harm     .   h - +2 cloak
rCorr   .          Rampage  .   (no gloves)
Will    .....                   (no boots)
Stlth   ++........              (no amulet)
HPRegen 0.12/turn               (no ring)
MPRegen 0.11/turn               (no ring)

@: corroded
A: fangs 1, strong nose, distributed training
a: no special abilities


You were on level 4 of the Dungeon.
You visited 1 branch of the dungeon, and saw 4 of its levels.

You collected 259 gold pieces.
You spent 28 gold pieces at shops.

Inventory:

Hand Weapons
 a - a +2 spear (weapon)
Missiles
 j - 9 poisoned darts (quivered)
 m - 22 stones
Armour
 d - a +0 robe (worn)
 h - a +2 cloak (worn)
Wands
 b - a wand of polymorph (3)
Scrolls
 c - 3 scrolls of fog {unknown}
 g - a scroll of poison {unknown}
 k - a scroll of enchant armour {unknown}
 p - 3 scrolls of brand weapon {unknown}
 q - a scroll of torment {unknown}
Potions
 e - a potion of resistance {unknown}
 f - a potion of flight {unknown}
 i - 2 potions of curing
 l - a potion of mutation {unknown}
 o - 2 potions of might {unknown}
Miscellaneous
 r - a piece from Xom's chessboard (14/15)


   Skills:
 + Level 1.4 Fighting
 + Level 1.4 Short Blades
 + Level 1.4 Long Blades
 + Level 1.4 Axes
 + Level 1.4 Maces & Flails
 + Level 6.7 Polearms
 + Level 1.4 Staves
 + Level 1.4 Ranged Weapons
 + Level 1.4 Throwing
 + Level 3.0 Armour
 + Level 3.0 Dodging
 + Level 1.4 Stealth
 + Level 1.4 Shields
 + Level 1.4 Unarmed Combat
 + Level 3.1 Spellcasting
 + Level 1.1 Conjurations
 + Level 1.1 Hexes
 + Level 1.1 Summonings
 + Level 1.1 Necromancy
 + Level 1.1 Translocations
 + Level 3.9 Transmutations
 + Level 1.1 Fire Magic
 + Level 1.1 Ice Magic
 + Level 1.1 Air Magic
 + Level 1.1 Earth Magic
 + Level 1.1 Poison Magic
 + Level 1.6 Invocations
 + Level 4.8 Evocations


You had 8 spell levels left.
You knew the following spells:

 Your Spells              Type           Power      Damage    Failure   Level
a - Wereblood             Tmut           13%        N/A       6%          2

Your spell library contained the following spells:

 Spells                   Type           Power      Damage    Failure   Level
 Passwall                 Tmut/Erth      7%         N/A       11%         2


Dungeon Overview and Level Annotations

Branches:
Dungeon (4/15)
 Temple: D:4-7

Altars:
Xom

Shops:
D:2 (*?:(


Innate Abilities, Weirdness & Mutations

You have very sharp teeth.
Your uncanny sense of smell can sniff out nearby items.
Your experience applies equally to all skills.


Message History

The jelly hits you.
You are splashed with acid!
* * * LOW HITPOINT WARNING * * *
The hobgoblin completely misses you.
You are too injured to fight recklessly!
You are too injured to fight recklessly!
You are too injured to fight recklessly!
You are too injured to fight recklessly!
You are too injured to fight recklessly!
You are too injured to fight recklessly!
You are too injured to fight recklessly!
You are too injured to fight recklessly!
You are too injured to fight recklessly!
You are too injured to fight recklessly!
You are too injured to fight recklessly!
You are too injured to fight recklessly!
You are too injured to fight recklessly!
You are too injured to fight recklessly!
You are too injured to fight recklessly!
You are too injured to fight recklessly!
You make a move on Xom's chessboard...
The jelly seems to grow stronger.
The jelly barely misses you. The hobgoblin closely misses you.
You feel much better. The jelly closely misses you. The hobgoblin hits you.
You hit the jelly but do no damage.
Your hands burn!
The jelly is heavily wounded.
The jelly hits you. The acid corrodes you!
You are splashed with acid!
The hobgoblin closely misses you.
You hit the jelly but do no damage.
Your hands burn!
* * * LOW HITPOINT WARNING * * *
You bite the jelly, but do no damage.
The jelly is heavily wounded.
The hobgoblin closely misses you. The jelly misses you.
You hit the jelly but do no damage.
Your hands burn!
* * * LOW HITPOINT WARNING * * *
The jelly is heavily wounded.
You hit the jelly but do no damage. The acid corrodes you!
Your hands burn!
* * * LOW HITPOINT WARNING * * *
You bite the jelly, but do no damage.
The jelly is heavily wounded.
The jelly hits you.
You die...

#.###.######.##
#.....#........
#.#.###.####.#
#....†.......#
#.#..........#
##.#####.######
##...###...##
###.....#.....#
.......J@.....#
###....g#.....#
#....#...........
#.##.....####.###
# ####..# ...
#..# #... #..# ##
#..#


You could see a jelly (strong) and a hobgoblin.

Vanquished Creatures
  3 gnolls (D:2)
  An adder (D:2)
  A white imp (D:3)
  A worm (D:2)
  11 dart slugs
  2 orcs
  7 ball pythons
  A bat (D:2)
  7 endoplasms
  2 giant cockroaches
  8 goblins
  5 hobgoblins
  3 quokkas
  2 frilled lizards
  9 kobolds
  7 rats
70 creatures vanquished.

Notes
Turn   | Place    | Note
-------+----------+-------------------------------------------
     0 | D:1      | jtron the Gnoll Wanderer began the quest for the Orb.
     0 | D:1      | jtron set off with the following items: a +2 spear, a wand
                  | of polymorph (3), a potion of curing, a +0 robe; and the
                  | following spells available to memorise: Wereblood,
                  | Passwall.
     0 | D:1      | Reached XP level 1. HP: 13/13 MP: 4/4
   284 | D:1      | Reached XP level 2. HP: 19/19 MP: 5/5
   657 | D:1      | Found a faded altar of an unknown god.
   891 | D:1      | Reached XP level 3. HP: 24/25 MP: 7/7
  1182 | D:1      | Learned a level 2 spell: Wereblood
  1249 | D:2      | Found Curucwu's General Store.
  1330 | D:2      | Found Ceyg's Magic Scroll Boutique.
  1341 | D:2      | Bought a scroll of identify for 28 gold pieces
  1364 | D:2      | Reached skill level 1 in Invocations
  1408 | D:2      | Found Vinneana's Book Shop.
  1496 | D:2      | Found Lanypsyx's Weapon Boutique.
  1534 | D:2      | Reached skill level 1 in Fighting
  1534 | D:2      | Reached skill level 1 in Short Blades
  1534 | D:2      | Reached skill level 1 in Long Blades
  1534 | D:2      | Reached skill level 1 in Axes
  1534 | D:2      | Reached skill level 1 in Maces & Flails
  1534 | D:2      | Reached skill level 1 in Staves
  1534 | D:2      | Reached skill level 1 in Ranged Weapons
  1534 | D:2      | Reached skill level 1 in Throwing
  1534 | D:2      | Reached skill level 1 in Stealth
  1534 | D:2      | Reached skill level 1 in Shields
  1534 | D:2      | Reached skill level 1 in Unarmed Combat
  1537 | D:2      | Reached XP level 4. HP: 29/32 MP: 6/8
  1555 | D:2      | Reached skill level 1 in Conjurations
  1555 | D:2      | Reached skill level 1 in Hexes
  1555 | D:2      | Reached skill level 1 in Summonings
  1555 | D:2      | Reached skill level 1 in Necromancy
  1555 | D:2      | Reached skill level 1 in Translocations
  1555 | D:2      | Reached skill level 1 in Fire Magic
  1555 | D:2      | Reached skill level 1 in Ice Magic
  1555 | D:2      | Reached skill level 1 in Air Magic
  1555 | D:2      | Reached skill level 1 in Earth Magic
  1555 | D:2      | Reached skill level 1 in Poison Magic
  2043 | D:2      | Found Mytoerar's Antique Weapon Emporium.
  2387 | D:3      | Reached XP level 5. HP: 37/37 MP: 9/9
  2626 | D:3      | Found a shimmering altar of Xom.
  2938 | D:4      | Slain by a jelly

Illustrated notes

Levels and vault maps discovered:
D:1:      lightli_arrival_statuegarden, layout_basic,
          hellmonk_ecumenical_altar_inner_sanctum, feat_on_display
D:2:      layout_loops_ring, serial_shops, nicolae_shop_overgrown_old_shop,
          nicolae_shop_waterfront, nicolae_shop_bloodbath_and_beyond, shop, shop
D:3:      kennysheep_slugbush, layout_rooms, xom_butterflies
D:4:      layout_loops_ring, gammafunk_ghost_stat_death, uniq_robin

Skill      XL: |  1  2  3  4  5 |
---------------+----------------+-----
Invocations    | 1 |  1.6
Fighting       | 1 |  1.4
Short Blades   | 1 |  1.4
Long Blades    | 1 |  1.4
Axes           | 1 |  1.4
Maces & Flails | 1 |  1.4
Staves         | 1 |  1.4
Ranged Weapons | 1 |  1.4
Throwing       | 1 |  1.4
Stealth        | 1 |  1.4
Shields        | 1 |  1.4
Unarmed Combat | 1 |  1.4
Spellcasting   | 3 |  3.1
Conjurations   | 1 |  1.1
Hexes          | 1 |  1.1
Summonings     | 1 |  1.1
Necromancy     | 1 |  1.1
Translocations | 1 |  1.1
Fire Magic     | 1 |  1.1
Ice Magic      | 1 |  1.1
Air Magic      | 1 |  1.1
Earth Magic    | 1 |  1.1
Poison Magic   | 1 |  1.1
Armour         | 3 |  3.0
Dodging        | 3 |  3.0
Polearms       | |  6.7
Transmutations | |  3.9
Evocations     | |  4.8

Action                   |  1- 3 |  4- 6 || total
-------------------------+-------+-------++-------
Melee: Spear             |   124 |    93 ||   217
       Bite              |     6 |     6 ||    12
       Punch             |     1 |     2 ||     3
Throw: Dart              |     1 |       ||     1
 Cast: Wereblood         |     1 |       ||     1
Evoke: Piece from Xom's  |       |     1 ||     1
  Use: Potion            |     3 |     1 ||     4
       Scroll            |     1 |       ||     1
 Stab: Sleeping          |     3 |     1 ||     4
Armor: Robe              |    14 |    16 ||    30
Dodge: Dodged            |    36 |    24 ||    60
